AoeStats
← 用户1623433

Arabia

508866679Analyzed
4v4 RM · 9d ago on Sep 24, 2026· 21m 12s· 8 players
Game mode
Random Map
Map size
Large (8 player)
Population
200
Speed
Normal
Resources
Standard
Victory
Conquest
Starting age
Dark Age
Ending age
Imperial Age
RankedLock teamsTeams togetherTeam positionsShared explorationLock speedFull tech treeHidden civsTurbo modeCheats
Victory
Defeat
🇹🇼 Franks · Taiwan
1152
+15
🇨🇳 Ethiopians · China
1137
+15
🇨🇳 Sicilians · China
1129
+16
🇯🇵 Mongols · Japan
1114
+16
🇵🇪 Mongols · Peru
1193
-19
🇩🇪 Muisca · Germany
1119
-15
🇹🇼 Persians · Taiwan
1106
-15
🇧🇷 Franks · Brazil
1071
-13
用户1623433
10:41 Feudal Age
14:55 Loom
18:12 Castle Age
16:06 Double-Bit Axe
17:46 Gold Mining
20:42 Bow Saw
20:45 Fletching
kagemusha
8:47 Loom
12:22 Feudal Age
13:25 Double-Bit Axe
18:00 Castle Age
16:03 Horse Collar
17:30 Wheelbarrow
18:15 Stone Mining
18:23 Gold Mining
:D:D:D:D
0:29 Loom
11:10 Feudal Age
11:39 Double-Bit Axe
12:58 Wheelbarrow
16:42 Forging
20:53 Castle Age
21:05 Scale Barding Armor
21:46 Bow Saw
Ehco
7:14 Loom
11:35 Feudal Age
15:27 Double-Bit Axe
WALLS
6:58 Loom
9:31 Feudal Age
10:00 Double-Bit Axe
16:29 Castle Age
15:07 Gold Mining
17:18 Scale Barding Armor
17:25 Forging
SemperBlender
5:02 Loom
VAPO
8:43 Loom
10:28 Feudal Age
16:39 Castle Age
15:26 Double-Bit Axe
16:31 Gold Mining
19:53 Husbandry
yang
11:55 Feudal Age
15:40 Castle Age
15:13 Double-Bit Axe
18:01 Scale Barding Armor
18:07 Forging
21:00 Bloodlines
Connection lost

Rejoining the realm…

Still unreachable

The connection could not be restored.

Session expired

The server has moved on; the page needs a fresh start.